 Dungeon Crawl Stone Soup version 0.27-a0-1591-gc56fcc985a (webtiles) character file.

Game seed: 9006594957941445128

25 willcat the Grave Robber (level 3, 0/25 HPs)
             Began as a Gnoll Necromancer on July 19, 2021.
             Was a Follower of Elyvilon.
             Succumbed to an adder's poison
             ... on level 3 of the Dungeon.
             The game lasted 00:03:01 (1795 turns).

willcat the Grave Robber (Gnoll Necromancer)        Turns: 1795, Time: 00:03:02

Health: 0/25       AC:  7    Str:  8    XL:     3   Next: 4%
Magic:  9/9        EV:  8    Int: 14    God:    Elyvilon [*.....]
Gold:   32         SH:  0    Dex: 12    Spells: 10/11 levels left

rFire    . . .     SeeInvis .   (no weapon)
rCold    . . .     Faith    .   (no shield)
rNeg     . . .     Spirit   .   e - +1 scale mail
rPois    .         Reflect  .   (no helmet)
rElec    .         Harm     .   (no cloak)
rCorr    .         Rampage  .   (no gloves)
Will     .....                  (no boots)
Stlth    +.........             (no amulet)
HPRegen  0.08/turn              (no ring)
MPRegen  0.11/turn              (no ring)

@: lethally poisoned (0 -> -3), flying
A: fangs 1, strong nose, distributed training
a: Renounce Religion, Lesser Healing, Divine Protection


You were on level 3 of the Dungeon.
You worshipped Elyvilon.
Elyvilon was aware of your devotion.
You visited 1 branch of the dungeon, and saw 4 of its levels.

You collected 32 gold pieces.

Inventory:

Armour
 a - a +0 robe
 e - a +1 scale mail (worn)


   Skills:
 + Level 0.5 Fighting
 + Level 0.5 Short Blades
 + Level 0.5 Long Blades
 + Level 0.5 Axes
 + Level 0.5 Maces & Flails
 + Level 0.5 Polearms
 + Level 0.5 Staves
 + Level 0.5 Slings
 + Level 0.5 Bows
 + Level 0.5 Crossbows
 + Level 0.5 Throwing
 + Level 0.5 Armour
 + Level 4.5 Dodging
 + Level 4.1 Stealth
 + Level 0.5 Shields
 + Level 0.5 Unarmed Combat
 + Level 4.9 Spellcasting
 + Level 0.4 Conjurations
 + Level 0.4 Hexes
 + Level 0.4 Summonings
 + Level 7.0 Necromancy
 + Level 0.4 Translocations
 + Level 0.4 Transmutations
 + Level 0.4 Fire Magic
 + Level 0.4 Ice Magic
 + Level 0.4 Air Magic
 + Level 0.4 Earth Magic
 + Level 0.4 Poison Magic
 + Level 0.7 Invocations
 + Level 0.5 Evocations


You had 10 spell levels left.
You knew the following spells:

 Your Spells              Type           Power      Damage    Failure   Level
a - Pain                  Necr           92%        1d8       10%         1

Your spell library contained the following spells:

 Spells                   Type           Power      Damage    Failure   Level
 Animate Skeleton         Necr           46%        N/A       10%         1
 Vampiric Draining        Necr           11%        2d7       28%         3
 Animate Dead             Necr           11%        N/A       67%         4
 Agony                    Necr           23%        N/A       95%         5


Dungeon Overview and Level Annotations

Branches:
Dungeon (4/15)
 Temple: D:4-7

Altars:
Elyvilon

Shops:
D:1 *


Innate Abilities, Weirdness & Mutations

You have very sharp teeth.
Your uncanny sense of smell can sniff out nearby items.
Your experience applies equally to all skills.


Message History

You fly up into the air.
You feel sick. The adder bites you but does no damage.
Unknown command.
As you read the scroll labelled JUTWOGOH PORENKA, it crumbles to dust.
The creatures around you are filled with an inner flame!
It was a scroll of immolation.
You feel sick. The adder bites you but does no damage.
Unknown command.
As you read the scroll labelled DAONGYAJIPP, it crumbles to dust.
It is a scroll of enchant armour.
Your +0 scale mail glows green for a moment.
You feel sick.
You are no longer poisoned.
The adder barely misses you.
Unknown command.
The adder barely misses you. The adder closely misses you. The adder bites you.
* * * LOW HITPOINT WARNING * * *
The adder barely misses you.
There is an escape hatch in the ceiling here.
The adder barely misses you. A mysterious force pulls you upwards.
The hatch slams shut behind you.
Found a scroll labelled PAOMEA GOEN.
Found a stone staircase leading down.
Unknown command.
Found 17 gold pieces.
There is a stone staircase leading down here.
The adder barely misses you.
A worm comes into view.
The adder bites you.
* * * LOW HITPOINT WARNING * * *
You are lethally poisoned!
The adder poisons you!
* * * LOW HITPOINT WARNING * * *
You feel sick.
* * * LOW HITPOINT WARNING * * *
You feel sick.
* * * LOW HITPOINT WARNING * * *
You feel sick. The adder bites you but does no damage.
* * * LOW HITPOINT WARNING * * *
You feel sick.
You die...

∆ ##...$.... #.
##.......
#..#####.......w
#.....#....#.#
##...#....#
##.......##....
#.....##.# ..
#.S....>.# ∆ ∆
#@......##
#.....?...##
#..#.###### ∆
####.# #.# #.# ∆
... ...


You could see an adder (inner flame).

Vanquished Creatures
  A dart slug (D:1)
  3 endoplasms (D:1)
  2 goblins (D:1)
  2 hobgoblins (D:1)
  2 jackals (D:4)
  2 quokkas (D:1)
  3 ball pythons (D:1)
  3 bats (D:1)
  A frilled lizard (D:1)
  3 rats (D:1)
22 creatures vanquished.

Vanquished Creatures (others)
  A plant (D:1)
1 creature vanquished.

Grand Total: 23 creatures vanquished

Notes
Turn   | Place    | Note
-------+----------+-------------------------------------------
     0 | D:1      | willcat the Gnoll Necromancer began the quest for the Orb.
     0 | D:1      | Reached XP level 1. HP: 13/13 MP: 6/6
   415 | D:1      | Reached XP level 2. HP: 18/19 MP: 5/7
   899 | D:1      | Found Koorphops's Assorted Antiques.
  1136 | D:1      | Found a faded altar of an unknown god.
  1162 | D:1      | Became a worshipper of Elyvilon the Healer
  1162 | D:1      | Reached * piety under Elyvilon
  1384 | D:2      | You fall into a shaft and drop 2 floors!
  1385 | D:4      | Noticed a black bear
  1440 | D:4      | Reached XP level 3. HP: 6/25 MP: 9/9
  1794 | D:3      | HP: 1/25 [poisoned by an adder]
  1795 | D:3      | Succumbed to an adder's poison

Illustrated notes

Levels and vault maps discovered:
D:1:      lemuel_arrival_river_ford, layout_basic, serial_shops,
          nicolae_shop_overgrown_old_shop, ebering_ecumenical_altar_ruins
D:2:      layout_loops_corners, basic_altar
D:3:      layout_rooms, uniq_crazy_yiuf_cottage
D:4:      layout_loops_corners, serial_shops, nicolae_square_shop

Action                   || total
-------------------------++-------
Melee: Unarmed           ||    52
       Bite              ||     4
 Cast: Pain              ||    34
  Use: Scroll            ||     3
       Potion            ||     2
 Stab: Sleeping          ||     1
Armor: Scale mail        ||    35
       Robe              ||     2
Dodge: Dodged            ||    38

Table legend: (Time is in decaauts)
 A = Elapsed time spent in this place.
 B = Non-inter-level travel time spent in this place.
 C = Inter-level travel time spent in this place.
 D = Time resting spent in this place.
 E = Time spent auto-exploring this place.
 F = Levels seen in this place.
 G = Mean time per level.
                   A        B        C        D        E       F      G
               +--------+--------+--------+--------+--------+-----+--------+
         Total |   1795 |   1795 |      0 |    764 |    640 |   4 |  448.8 |
       Dungeon |   1795 |   1795 |      0 |    764 |    640 |   4 |  448.8 |
               +--------+--------+--------+--------+--------+-----+--------+

Top non-repeatable levels by time:
     D:1: 1311 daAuts
     D:4: 399 daAuts
     D:2: 73 daAuts
     D:3: 10 daAuts
